PIO (24 & UNDER)
EAU CLAIRE ESQUIRES @ SURREY SINNERS
04/19/2027
 
TOP OF THE 1ST
Eau Claire Esquires batting - Pitching for Surrey Sinners : LHP Sebastián Cervantes
Pitching: LHP Sebastián Cervantes
Batting: RHB Terry Perkins 0-0: Ball
1-0: Called Strike
1-1: Called Strike
1-2: Strikes out looking
Batting: LHB Johnny Foley 0-0: Ball
1-0: SINGLE (Groundball, 34D)
Batting: RHB Jason Stover 0-0: Called Strike
0-1: Ball
1-1: Foul Ball, location: 2F
1-2: Grounds into double play, 6-4-3 (Groundball, 6)
Top of the 1st over - 0 run(s), 1 hit(s), 0 error(s), 0 left on base; Eau Claire 0 - Surrey 0
BOTTOM OF THE 1ST
Surrey Sinners batting - Pitching for Eau Claire Esquires : RHP Arthur López
Pitching: RHP Arthur López
Batting: LHB Juan Hinojosa 0-0: SINGLE (Groundball, 6) (infield hit)
Batting: LHB Iván Espinosa 0-0: Foul Ball, location: 2F
0-1: Grounds into double play, 1-6-3 (Groundball, P)
Batting: RHB Ramón Molina 0-0: Ball
1-0: Ball
2-0: Foul Ball, location: 2F
2-1: Ball
3-1: Foul Ball, location: 2F
3-2: Fly out, F4 (Line Drive, 4)
Bottom of the 1st over - 0 run(s), 1 hit(s), 0 error(s), 0 left on base; Eau Claire 0 - Surrey 0
TOP OF THE 2ND
Eau Claire Esquires batting - Pitching for Surrey Sinners : LHP Sebastián Cervantes
Batting: RHB Eugenio Maldonado 0-0: Ball
1-0: Called Strike
1-1: Fly out, F7 (Flyball, 78D)
Batting: RHB Dennis Garner 0-0: Ball
1-0: Ball
2-0: Ball
3-0: Base on Balls
Batting: RHB Dave Anderson 0-0: Called Strike
0-1: Ball
1-1: Grounds into double play, 4-6-3 (Groundball, 4)
Top of the 2nd over - 0 run(s), 0 hit(s), 0 error(s), 0 left on base; Eau Claire 0 - Surrey 0
BOTTOM OF THE 2ND
Surrey Sinners batting - Pitching for Eau Claire Esquires : RHP Arthur López
Batting: LHB Randy Wiggins 0-0: Ball
1-0: Ball
2-0: Called Strike
2-1: Foul Ball, location: 2F
2-2: Ball
3-2: Foul Ball, location: 2F
3-2: Base on Balls
Batting: LHB José Blanco 0-0: Ball
1-0: Ball
2-0: Fielders Choice at 2nd, 3-6 (Groundball, 3)
Batting: RHB Dennis House 0-0: Ball
Throwing error on steal attempt, E2
José Blanco to third
1-0: Ball
2-0: Called Strike
2-1: SINGLE (Groundball, 4MD)
José Blanco scores
Batting: LHB Robert Atkins 0-0: Called Strike
0-1: Foul Ball, location: 2F
0-2: Ground out U3 (Groundball, 34S)
Dennis House to second
Batting: RHB Daniel Santiago 0-0: Called Strike
0-1: Ball
1-1: Foul Ball, location: 2F
1-2: Ball
2-2: Ball
3-2: Base on Balls
Batting: RHB Robert Koremans 0-0: Ball
1-0: Ball
2-0: Foul Ball, location: 2F
2-1: Foul Ball, location: 2F
2-2: Foul Ball, location: 2F
2-2: Foul Ball, location: 2F
2-2: Ball
3-2: Base on Balls
Dennis House to third
Daniel Santiago to second
Batting: LHB Juan Hinojosa 0-0: Ball
1-0: SINGLE (Groundball, 6MS) (infield hit)
Dennis House scores
Daniel Santiago to third
Robert Koremans to second
Batting: LHB Iván Espinosa 0-0: Called Strike
0-1: Foul Ball, location: 2F
0-2: Ball
1-2: Ball
2-2: Strikes out swinging
Bottom of the 2nd over - 2 run(s), 2 hit(s), 1 error(s), 3 left on base; Eau Claire 0 - Surrey 2
TOP OF THE 3RD
Eau Claire Esquires batting - Pitching for Surrey Sinners : LHP Sebastián Cervantes
Batting: RHB Walter Brown 0-0: Ball
1-0: Called Strike
1-1: Called Strike
1-2: Strikes out swinging
Batting: SHB Eitor Carocha 0-0: Called Strike
0-1: Fly out, F7 (Flyball, 7LS)
Batting: RHB Vincente Ramírez 0-0: Swinging Strike
0-1: Ball
1-1: Ball
2-1: Swinging Strike
2-2: Foul Ball, location: 2F
2-2: Strikes out looking
Top of the 3rd over - 0 run(s), 0 hit(s), 0 error(s), 0 left on base; Eau Claire 0 - Surrey 2
BOTTOM OF THE 3RD
Surrey Sinners batting - Pitching for Eau Claire Esquires : RHP Arthur López
Batting: RHB Ramón Molina 0-0: Foul Ball, location: 2F
0-1: Foul Ball, location: 2F
0-2: Ball
1-2: Ground out U3 (Groundball, 3)
Batting: LHB Randy Wiggins 0-0: Foul Ball, location: 2F
0-1: Foul Ball, location: 2F
0-2: Ground out U3 (Groundball, 3)
Batting: LHB José Blanco 0-0: Ball
1-0: Ball
2-0: Ball
3-0: Called Strike
3-1: Foul Ball, location: 2F
3-2: Ground out 6-3 (Groundball, 6S)
Bottom of the 3rd over - 0 run(s), 0 hit(s), 0 error(s), 0 left on base; Eau Claire 0 - Surrey 2
TOP OF THE 4TH
Eau Claire Esquires batting - Pitching for Surrey Sinners : LHP Sebastián Cervantes
Batting: RHB Terry Perkins 0-0: Ball
1-0: Ball
2-0: Foul Ball, location: 2F
2-1: Swinging Strike
2-2: Fly out, F9 (Flyball, 89M)
Batting: LHB Johnny Foley 0-0: Called Strike
0-1: Swinging Strike
0-2: Foul Ball, location: 2F
0-2: Ball
1-2: Foul Ball, location: 2F
1-2: Foul Ball, location: 2F
1-2: Strikes out looking
Batting: RHB Jason Stover 0-0: Ball
1-0: Called Strike
1-1: Foul Ball, location: 2F
1-2: Ball
2-2: Foul Ball, location: 2F
2-2: Ball
3-2: Foul Ball, location: 2F
3-2: Foul Ball, location: 2F
3-2: Foul Ball, location: 2F
3-2: Fly out, F8 (Line Drive, 8LM)
Top of the 4th over - 0 run(s), 0 hit(s), 0 error(s), 0 left on base; Eau Claire 0 - Surrey 2
BOTTOM OF THE 4TH
Surrey Sinners batting - Pitching for Eau Claire Esquires : RHP Arthur López
Batting: RHB Dennis House 0-0: Called Strike
0-1: Called Strike
0-2: Strikes out swinging
Batting: LHB Robert Atkins 0-0: Swinging Strike
0-1: Ball
1-1: SINGLE (Line Drive, 56D)
Batting: RHB Daniel Santiago 0-0: Ball
1-0: Ball
2-0: Ball
3-0: Called Strike
3-1: Foul Ball, location: 2F
3-2: Base on Balls
Robert Atkins to second
Batting: RHB Robert Koremans 0-0: Called Strike
Robert Atkins steals 3rd base
Daniel Santiago to second
0-1: Ball
1-1: Foul Ball, location: 2F
1-2: Foul Ball, location: 2F
1-2: Foul Ball, location: 2F
1-2: Ball
2-2: Ball
3-2: Base on Balls
Batting: LHB Juan Hinojosa 0-0: Ball
1-0: Ball
2-0: Called Strike
2-1: Ball
3-1: Base on Balls
Robert Atkins scores
Daniel Santiago to third
Robert Koremans to second
Pitching: RHP Neil Birss
Batting: LHB Iván Espinosa 0-0: Ball
Balk!
Daniel Santiago scores
Robert Koremans to third
Juan Hinojosa to second
1-0: Called Strike
1-1: Called Strike
1-2: Foul Ball, location: 2F
1-2: Ground out 4-3 (Groundball, 4)
Robert Koremans scores
Juan Hinojosa to third
Batting: RHB Ramón Molina 0-0: Swinging Strike
0-1: Foul Ball, location: 2F
0-2: Ball
1-2: Foul Ball, location: 2F
1-2: Foul Ball, location: 2F
1-2: Foul Ball, location: 2F
1-2: Ball
2-2: Ball
3-2: Foul Ball, location: 2F
3-2: Foul Ball, location: 2F
3-2: Foul Ball, location: 2F
3-2: Fly out, F9 (Flyball, 89M)
Bottom of the 4th over - 3 run(s), 1 hit(s), 0 error(s), 1 left on base; Eau Claire 0 - Surrey 5
TOP OF THE 5TH
Eau Claire Esquires batting - Pitching for Surrey Sinners : LHP Sebastián Cervantes
Batting: RHB Eugenio Maldonado 0-0: Ball
1-0: Ball
2-0: Ball
3-0: Base on Balls
Batting: RHB Dennis Garner 0-0: Ball
1-0: Ball
2-0: Ball
3-0: Base on Balls
Eugenio Maldonado to second
Batting: RHB Dave Anderson 0-0: Called Strike
0-1: Ball
1-1: Swinging Strike
1-2: Strikes out swinging
Batting: RHB Walter Brown 0-0: Foul Ball, location: 2F
0-1: Grounds into double play, 6-4-3 (Groundball, 6)
Top of the 5th over - 0 run(s), 0 hit(s), 0 error(s), 1 left on base; Eau Claire 0 - Surrey 5
BOTTOM OF THE 5TH
Surrey Sinners batting - Pitching for Eau Claire Esquires : RHP Neil Birss
Batting: LHB Randy Wiggins 0-0: Called Strike
0-1: Fly out, F8 (Line Drive, 8RXD)
Batting: LHB José Blanco 0-0: Ball
1-0: Ball
2-0: Called Strike
2-1: Foul Ball, location: 2F
2-2: Foul Ball, location: 2F
2-2: Ball
3-2: Fly out, F6 (Popup, 6)
Batting: RHB Dennis House 0-0: Ball
1-0: Foul Ball, location: 2F
1-1: Ball
2-1: Swinging Strike
2-2: Strikes out swinging
Bottom of the 5th over - 0 run(s), 0 hit(s), 0 error(s), 0 left on base; Eau Claire 0 - Surrey 5
TOP OF THE 6TH
Eau Claire Esquires batting - Pitching for Surrey Sinners : LHP Sebastián Cervantes
Batting: SHB Eitor Carocha 0-0: Called Strike
0-1: Foul Ball, location: 2F
0-2: Ball
1-2: Fly out, F6 (Line Drive, 6)
Batting: RHB Vincente Ramírez 0-0: Called Strike
0-1: Ball
1-1: Ball
2-1: Foul Ball, location: 2F
2-2: Ball
3-2: Foul Ball, location: 2F
3-2: Ground out 4-3 (Groundball, 4)
Batting: RHB Terry Perkins 0-0: Fly out, F8 (Flyball, 8LM)
Top of the 6th over - 0 run(s), 0 hit(s), 0 error(s), 0 left on base; Eau Claire 0 - Surrey 5
BOTTOM OF THE 6TH
Surrey Sinners batting - Pitching for Eau Claire Esquires : RHP Neil Birss
Batting: LHB Robert Atkins 0-0: Ball
1-0: SINGLE (Line Drive, 78S)
Batting: RHB Daniel Santiago 0-0: Fly out, F2 (Popup, 23)
Batting: RHB Robert Koremans 0-0: Called Strike
0-1: Grounds into double play, 6-4-3 (Groundball, 6)
Bottom of the 6th over - 0 run(s), 1 hit(s), 0 error(s), 0 left on base; Eau Claire 0 - Surrey 5
TOP OF THE 7TH
Eau Claire Esquires batting - Pitching for Surrey Sinners : LHP Sebastián Cervantes
Batting: LHB Johnny Foley 0-0: Ball
1-0: SINGLE (Line Drive, 8LS)
Batting: RHB Jason Stover 0-0: Ball
1-0: Swinging Strike
1-1: Foul Ball, location: 2F
1-2: Strikes out swinging
Pitching: LHP Jason Reece
Batting: RHB Eugenio Maldonado 0-0: Foul Ball, location: 2F
0-1: Ball
1-1: Foul Ball, location: 2F
1-2: Ball
2-2: Ball
3-2: Base on Balls
Johnny Foley to second
Batting: RHB Dennis Garner 0-0: Ball
1-0: Ball
2-0: Ball
3-0: Called Strike
3-1: Swinging Strike
3-2: Foul Ball, location: 2F
3-2: Foul Ball, location: 2F
3-2: SINGLE (Groundball, 4D)
Johnny Foley to third
Eugenio Maldonado to second
Runner from 3rd tries for Home, SAFE, throw made home
Eugenio Maldonado to third
Dennis Garner to second
Batting: RHB Dave Anderson 0-0: Swinging Strike
0-1: Called Strike
0-2: Strikes out swinging
Batting: RHB Walter Brown 0-0: Called Strike
0-1: Called Strike
0-2: Ball
1-2: Ball
2-2: Foul Ball, location: 2F
2-2: Strikes out swinging
Top of the 7th over - 1 run(s), 2 hit(s), 0 error(s), 2 left on base; Eau Claire 1 - Surrey 5
BOTTOM OF THE 7TH
Surrey Sinners batting - Pitching for Eau Claire Esquires : RHP Neil Birss
Batting: LHB Juan Hinojosa 0-0: Ball
1-0: Foul Ball, location: 2F
1-1: Ball
2-1: Reached on error, E7 (Flyball, 78M)
Batting: LHB Iván Espinosa 0-0: Ball
Juan Hinojosa steals 2nd base
1-0: Ball
2-0: Ball
3-0: Called Strike
3-1: TRIPLE (Flyball, 9LD)
Juan Hinojosa scores
Batting: RHB Ramón Molina 0-0: Ball
1-0: Ball
2-0: Called Strike
2-1: Foul Ball, location: 2F
2-2: Ball
3-2: Base on Balls
Batting: LHB Randy Wiggins 0-0: Fly out, F3 (Line Drive, 3S)
Batting: LHB José Blanco 0-0: Ball
1-0: Ball
2-0: Ball
3-0: Called Strike
3-1: Base on Balls
Ramón Molina to second
Batting: RHB Dennis House 0-0: Ball
1-0: Fly out, F8 (Flyball, 8LS)
Runner from 3rd tags up, SCORES, no throw
Batting: LHB Robert Atkins 0-0: Ground out U3 (Groundball, 3)
Bottom of the 7th over - 2 run(s), 1 hit(s), 1 error(s), 2 left on base; Eau Claire 1 - Surrey 7
TOP OF THE 8TH
Eau Claire Esquires batting - Pitching for Surrey Sinners : LHP Jason Reece
Batting: SHB Eitor Carocha 0-0: Called Strike
0-1: Ball
1-1: Called Strike
1-2: Fly out, F9 (Flyball, 89M)
Batting: RHB Vincente Ramírez 0-0: Called Strike
0-1: Ball
1-1: Foul Ball, location: 2F
1-2: Strikes out swinging
Batting: RHB Terry Perkins 0-0: Foul Ball, location: 2F
0-1: Ball
1-1: Ball
2-1: Foul Ball, location: 2F
2-2: Strikes out swinging
Top of the 8th over - 0 run(s), 0 hit(s), 0 error(s), 0 left on base; Eau Claire 1 - Surrey 7
BOTTOM OF THE 8TH
Surrey Sinners batting - Pitching for Eau Claire Esquires : RHP Neil Birss
Batting: RHB Daniel Santiago 0-0: Called Strike
0-1: Ball
1-1: Fly out, F7 (Flyball, 7)
Batting: RHB Robert Koremans 0-0: Ball
1-0: Called Strike
1-1: Foul Ball, location: 2F
1-2: Ground out 5-3 (Groundball, 5S)
Batting: LHB Juan Hinojosa 0-0: Ball
1-0: Called Strike
1-1: Ball
2-1: Ball
3-1: Base on Balls
Batting: LHB Iván Espinosa 0-0: Ball
Juan Hinojosa steals 2nd base
1-0: Foul Ball, location: 2F
1-1: Ball
2-1: Swinging Strike
2-2: Fly out, F8 (Flyball, 78M)
Bottom of the 8th over - 0 run(s), 0 hit(s), 0 error(s), 1 left on base; Eau Claire 1 - Surrey 7
TOP OF THE 9TH
Eau Claire Esquires batting - Pitching for Surrey Sinners : LHP Jason Reece
Batting: LHB Johnny Foley 0-0: Ball
1-0: Called Strike
1-1: Called Strike
1-2: Ball
2-2: Foul Ball, location: 2F
2-2: Foul Ball, location: 2F
2-2: Ground out 4-3 (Groundball, 4)
Batting: RHB Jason Stover 0-0: Foul Ball, location: 2F
0-1: Called Strike
0-2: Ball
1-2: Fly out, F4 (Popup, 4D)
Batting: RHB Eugenio Maldonado 0-0: Swinging Strike
0-1: Foul Ball, location: 2F
0-2: Foul Ball, location: 2F
0-2: Ball
1-2: Foul Ball, location: 2F
1-2: Strikes out looking
Top of the 9th over - 0 run(s), 0 hit(s), 0 error(s), 0 left on base; Eau Claire 1 - Surrey 7
Thursday, March 30th, 2017 - OOTP Baseball 17.12 Build 75